 Dungeon Crawl Stone Soup version 0.26.1-11-gd32895ea62 (webtiles) character file.

Game seed: 16296383778783193247

208 Doot the Stinger (level 5, 0/36 HPs)
             Began as a Demonspawn Venom Mage on May 20, 2021.
             Killed from afar by an orc wizard (10 damage)
             ... with a magic dart
             ... on level 3 of the Dungeon.
             The game lasted 00:07:04 (3573 turns).

Doot the Stinger (Demonspawn Venom Mage)            Turns: 3573, Time: 00:07:04

Health: 0/36       AC:  2    Str:  9    XL:     5   Next: 55%
Magic:  0/9        EV: 12    Int: 17    God:
Gold:   110        SH:  0    Dex: 13    Spells: 0/10 levels left

rFire    . . .     SeeInvis .   (no weapon)
rCold    + . .     Faith    .   (no shield)
rNeg     . . .     Spirit   .   a - +0 robe
rPois    .         Reflect  .   (no helmet)
rElec    .         Harm     .   (no cloak)
rCorr    .         Rampage  .   (no gloves)
Will     .....                  (no boots)
Stlth    ++........             (no amulet)
HPRegen  0.12/turn              (no ring)
MPRegen  0.11/turn              (no ring)

@: lethally poisoned (0 -> -2), very slightly contaminated
A: hooves 1, cold resistance 1, powered by pain 2
a: no special abilities


You were on level 3 of the Dungeon.
You visited 1 branch of the dungeon, and saw 4 of its levels.

You collected 110 gold pieces.

Inventory:

Hand Weapons
 c - a +0 short sword of venom
Armour
 a - a +0 robe (worn)
Wands
 j - a wand of iceblast (4)
Scrolls
 b - a scroll of blinking {unknown}
 d - 2 scrolls of teleportation {unknown}
 e - 2 scrolls of remove curse {unknown}
 f - a scroll of enchant weapon {unknown}
 g - 2 scrolls of identify {unknown}
 h - a scroll of amnesia {unknown}
Potions
 i - a potion of curing {unknown}


   Skills:
 + Level 0.4 Fighting
 + Level 0.2 Short Blades
 + Level 2.0 Dodging
 + Level 2.3 Stealth
 + Level 0.5 Unarmed Combat
 + Level 3.2 Spellcasting
 + Level 1.9 Transmutations
 + Level 0.2 Air Magic
 + Level 4.5 Poison Magic


You couldn't memorise any spells.
You knew the following spells:

 Your Spells              Type           Power        Failure   Level
a - Sting                 Tmut/Pois      52%          4%          1
b - Poisonous Vapours     Pois/Air       20%          10%         2
c - Ignite Poison         Fire/Tmut/Pois 10%          22%         3
d - Olgreb's Toxic Radia  Pois           18%          26%         4

Your spell library contained the following spells:

 Spells                   Type           Power        Failure   Level
 Mephitic Cloud           Conj/Pois/Air  8%           26%         3


Dungeon Overview and Level Annotations

Branches:
Dungeon (4/15)
 Temple: D:4-7

Altars:
Uskayaw

Annotations:
D:2 Robin


Innate Abilities, Weirdness & Mutations

You have large cloven feet.
Your flesh is cold resistant. (rC+)
You sometimes gain power by taking damage.


Message History

The orc wizard is moderately wounded.
The orc wizard hits you but does no damage.
You hit the orc wizard but do no damage.
Your kick misses the orc wizard.
The orc wizard is moderately wounded.
You feel sick. The orc wizard barely misses you.
You closely miss the orc wizard.
You kick the orc wizard, but do no damage.
The orc wizard is heavily wounded.
The orc wizard closely misses you.
Casting: Sting (safe; 4% risk of failure)
Confirm with . or Enter, or press ? or * to list all spells.
Aiming: Sting (safe; 4% risk of failure)
Press: ? - help, Shift-Dir - straight line, f/p - orc wizard
Aim: an orc wizard, wielding a +0 dagger and wearing a +0 robe (heavily wounded, poisoned, 36% to evade)
The sting hits the orc wizard.
The orc wizard looks even sicker.
The orc wizard is heavily wounded.
The orc wizard points at you and mumbles some strange words.
The magic dart hits you!
You die...

####.#.########.#.##
#.# ##### ....###.....#
##.## #.# .###.#.####[#
#.# #.# .# ##.## #.#
#.# #.# .# #.# #.# #.#
#####.####### .# #.#
#.####.# #............
.####.#####....#.#
#.###.#######
...............#.####.#
#.#
.#####..........@o....#
#.# .#
######.########### #.#
###
.##########.##########
#.#####..
<...†....##.#........#
#.......#
............#.######.#
#######..
########.####.# #.# ##.
#.####[# #.# #.
#......# #.# #>
######## #.# #.


You could see an orc wizard (very poisoned).

Vanquished Creatures
  An orc priest (D:3)
  A worker ant (D:3)
  Terence (D:2)
  5 adders
  2 oozes
  A worm (D:2)
  A dart slug (D:1)
  2 leopard geckos
  5 orcs (D:3)
  4 giant cockroaches
  6 hobgoblins
  2 jackals (D:3)
  A quokka (D:2)
  8 bats
  5 frilled lizards
  7 goblins
  9 kobolds
  9 rats
70 creatures vanquished.

Notes
Turn   | Place    | Note
-------+----------+-------------------------------------------
     0 | D:1      | Doot the Demonspawn Venom Mage began the quest for the Orb.
     0 | D:1      | Reached XP level 1. HP: 13/13 MP: 3/3
   270 | D:1      | Gained mutation: You sometimes gain a little power by
                  | taking damage. [demonic ancestry]
   270 | D:1      | Reached XP level 2. HP: 18/19 MP: 0/5
   274 | D:1      | Learned a level 2 spell: Poisonous Vapours
   454 | D:1      | Reached skill level 1 in Transmutations
  1055 | D:2      | Gained mutation: Your flesh is cold resistant. (rC+)
                  | [demonic ancestry]
  1055 | D:2      | Reached XP level 3. HP: 22/24 MP: 4/6
  1516 | D:1      | Learned a level 3 spell: Ignite Poison
  1601 | D:2      | Noticed Terence
  1618 | D:2      | Killed Terence
  1619 | D:2      | Gained mutation: You sometimes gain power by taking damage.
                  | [demonic ancestry]
  1619 | D:2      | Reached XP level 4. HP: 29/30 MP: 2/8
  1792 | D:2      | Noticed a +0 hand axe
  1792 | D:2      | Noticed a +0 dagger
  1793 | D:2      | Found a hide-covered altar of Uskayaw.
  1934 | D:2      | Noticed Robin
  2348 | D:3      | Reached skill level 4 in Poison Magic
  2500 | D:3      | Gained mutation: You have large cloven feet. [demonic
                  | ancestry]
  2500 | D:3      | Reached XP level 5. HP: 19/36 MP: 2/9
  3562 | D:3      | Learned a level 4 spell: Olgreb's Toxic Radiance
  3573 | D:3      | Killed from afar by an orc wizard

Illustrated notes

Levels and vault maps discovered:
D:1:      sevenhm_arrival_forest_fort_small_4, layout_basic, serial_aquarium,
          aquarium_bridge_straight [aquarium_subvault_bridge,
          aquarium_subvault_wall, aquarium_subvault_bridge,
          aquarium_subvault_wall], aquarium_window_corridor_3,
          aquarium_window_corner, aquarium_window_corner, aquarium_view_2d,
          aquarium_balcony_1a
D:2:      minmay_angry_zag, layout_basic, lemuel_crystal_altar,
          dancing_weapons_uskayaw, minmay_snake_closets, uniq_terence,
          uniq_robin
D:3:      layout_loops_ring
D:4:      layout_loops_ring, kennysheep_mini,
          gammafunk_temple_overflow_forgotten

Skill      XL: |  1  2  3  4 |
---------------+-------------+-----
Stealth        | 2 |  2.3
Transmutations | 1 |  1.9
Poison Magic   | 4 |  4.5
Spellcasting   | 3 |  3.2
Dodging        | 2 |  2.0
Fighting       | |  0.4
Short Blades   | |  0.2
Unarmed Combat | |  0.5
Air Magic      | |  0.2

Action                   |  1- 3 |  4- 6 || total
-------------------------+-------+-------++-------
Melee: Short sword       |     8 |     2 ||    10
       Unarmed           |       |    27 ||    27
       Kick              |       |     8 ||     8
 Cast: Sting             |    50 |    69 ||   119
       Poisonous Vapours |       |     3 ||     3
  Use: Potion            |     2 |       ||     2
Armor: Robe              |     9 |     9 ||    18
Dodge: Dodged            |    29 |    37 ||    66
